[ AOE2 MATCH · #495361646 ]
UnrankedGeorgians vs Poles
Player's team · WIN
Rival team · LOSS
[ REPLAY ANALYSIS · EXTRACTED FROM THE RECORDED GAME ]
Feudal
10:27
Castle
23:15
Imperial
—
| APM avg | 63.6 |
| APM peak | 100 |
| eAPM avg | 32.3 |
| Villagers / military | 96 / 46 |
Focus
⚔️ 30.8% · 🌾 69.2%
Cavalry Archer ×35 · Monk ×4 · Militia ×3 · Spearman ×2 · Mangonel ×1 · Battering Ram ×1
Feudal
8:51
Castle
24:54
Imperial
—
| APM avg | 43.0 |
| APM peak | 79 |
| eAPM avg | 24.3 |
| Villagers / military | 107 / 76 |
Focus
⚔️ 42.2% · 🌾 57.8%
Archer ×63 · Spearman ×4 · Obuch ×3 · Mangonel ×3 · Scout Cavalry ×3
Match map
Initial resources + every placement click. Lines = walls · curves = elevation contours. ◆ gold · ⬟ stone · ● berries · ✦ relic · ◌ wall gap
Your base· ✓ Closed at 23:15 · 45t walls · no gate
Ilum | Suricata Tactica's base· ✓ Closed at 24:54 · 65t walls · 2 gate(s)
Smoothed initial terrain · ◌ = detected wall gap · hover for details
Inputs per minute
— HR FabiaN - - Ilum | Suricata Tactica
Build order — HR FabiaN
First 150 of 286 actions detected
| 0:00 | Queue | Villager (Male) |
| 0:00 | Queue | Villager (Male) |
| 0:01 | Queue | Villager (Male) |
| 0:01 | Build | House |
| 0:03 | Build | House |
| 0:11 | Queue | Villager (Male) |
| 1:30 | Queue | Villager (Male) |
| 1:58 | Queue | Villager (Male) |
| 2:19 | Queue | Villager (Male) |
| 2:48 | Queue | Villager (Male) |
| 2:50 | Queue | Villager (Male) |
| 3:27 | Build | House |
| 3:40 | Queue | Villager (Male) |
| 3:44 | Queue | Villager (Male) |
| 4:09 | Build | Barracks |
| 4:16 | Queue | Villager (Male) |
| 4:16 | Queue | Villager (Male) |
| 4:40 | Queue | Villager (Male) |
| 4:46 | Build | House |
| 4:47 | Build | Palisade Wall |
| 4:58 | Build | Palisade Wall |
| 5:08 | Queue | Militia |
| 5:09 | Queue | Militia |
| 5:09 | Queue | Militia |
| 5:27 | Build | Palisade Wall |
| 5:40 | Build | Palisade Wall |
| 5:42 | Build | Palisade Wall |
| 5:50 | Queue | Villager (Male) |
| 6:11 | Build | Palisade Wall |
| 6:20 | Queue | Villager (Male) |
| 6:28 | Build | Palisade Wall |
| 6:34 | Queue | Villager (Male) |
| 6:49 | Queue | Villager (Male) |
| 7:10 | Queue | Villager (Male) |
| 7:14 | Build | Palisade Wall |
| 7:37 | Research | Loom |
| 7:37 | Research | Loom |
| 7:37 | Research | Loom |
| 7:48 | Build | Mill |
| 8:04 | Build | House |
| 8:18 | Research | Feudal Age |
| 8:18 | Research | Feudal Age |
| 9:05 | Build | Mule Cart |
| 9:36 | Build | Farm |
| 9:49 | Build | House |
| 9:58 | Build | Farm |
| 10:27 | Age | Feudal Age |
| 10:29 | Research | Man-at-Arms (upgrade) |
| 10:29 | Research | Man-at-Arms (upgrade) |
| 10:30 | Queue | Villager (Male) |
| 10:34 | Build | Farm |
| 10:36 | Queue | Spearman |
| 10:46 | Research | Double-Bit Axe |
| 10:46 | Research | Double-Bit Axe |
| 11:29 | Queue | Villager (Male) |
| 11:37 | Build | Farm |
| 11:45 | Build | Watch Tower |
| 11:48 | Queue | Villager (Male) |
| 12:24 | Build | Farm |
| 12:25 | Build | Farm |
| 12:27 | Queue | Villager (Male) |
| 12:42 | Build | Farm |
| 12:51 | Build | House |
| 12:52 | Build | House |
| 13:01 | Queue | Villager (Male) |
| 13:05 | Build | Farm |
| 13:06 | Build | Farm |
| 13:08 | Build | Farm |
| 13:09 | Build | Farm |
| 13:27 | Build | House |
| 13:32 | Build | Farm |
| 13:33 | Queue | Villager (Male) |
| 14:05 | Queue | Villager (Male) |
| 14:08 | Build | Farm |
| 14:10 | Build | House |
| 14:18 | Queue | Villager (Male) |
| 14:39 | Queue | Villager (Male) |
| 14:40 | Queue | Villager (Male) |
| 14:42 | Build | House |
| 14:46 | Build | Farm |
| 15:08 | Queue | Villager (Male) |
| 15:08 | Queue | Villager (Male) |
| 15:10 | Build | House |
| 15:25 | Queue | Villager (Male) |
| 15:43 | Queue | Villager (Male) |
| 15:47 | Queue | Villager (Male) |
| 15:59 | Build | House |
| 16:17 | Queue | Villager (Male) |
| 16:18 | Queue | Villager (Male) |
| 16:21 | Queue | Villager (Male) |
| 16:33 | Queue | Villager (Male) |
| 16:39 | Queue | Villager (Male) |
| 16:44 | Build | Market |
| 16:52 | Build | House |
| 16:59 | Build | House |
| 17:00 | Build | House |
| 17:05 | Queue | Villager (Male) |
| 17:05 | Queue | Villager (Male) |
| 17:30 | Build | Farm |
| 17:31 | Build | Mill |
| 17:49 | Build | House |
| 17:59 | Build | Farm |
| 18:10 | Build | Stone Wall |
| 18:18 | Build | Mule Cart |
| 18:21 | Build | House |
| 18:24 | Queue | Villager (Male) |
| 18:47 | Build | Mule Cart |
| 18:55 | Build | House |
| 19:36 | Build | Stone Wall |
| 19:38 | Build | Stone Wall |
| 19:40 | Queue | Villager (Male) |
| 19:44 | Build | Blacksmith |
| 19:47 | Build | Stone Wall |
| 20:10 | Queue | Villager (Male) |
| 20:28 | Research | Castle Age |
| 20:30 | Build | Farm |
| 20:44 | Build | Outpost |
| 20:51 | Research | Horse Collar |
| 21:00 | Build | Archery Range |
| 21:12 | Build | Watch Tower |
| 21:17 | Research | Fletching |
| 21:17 | Research | Fletching |
| 21:51 | Build | Archery Range |
| 22:35 | Build | Archery Range |
| 22:57 | Queue | Villager (Male) |
| 22:59 | Queue | Villager (Male) |
| 23:15 | Age | Castle Age |
| 23:15 | Research | Bodkin Arrow |
| 23:20 | Research | Bow Saw |
| 23:22 | Research | Gold Mining |
| 23:28 | Build | University |
| 23:36 | Build | Stable |
| 23:38 | Queue | Cavalry Archer |
| 23:50 | Queue | Villager (Male) |
| 23:54 | Queue | Cavalry Archer |
| 23:54 | Queue | Cavalry Archer |
| 23:56 | Queue | Cavalry Archer |
| 23:57 | Queue | Cavalry Archer |
| 24:02 | Build | Farm |
| 24:17 | Research | Husbandry |
| 24:18 | Queue | Cavalry Archer |
| 24:23 | Build | Farm |
| 24:23 | Build | Farm |
| 24:24 | Queue | Villager (Male) |
| 24:28 | Queue | Cavalry Archer |
| 24:34 | Queue | Spearman |
| 24:36 | Queue | Cavalry Archer |
| 24:37 | Queue | Cavalry Archer |
| 24:56 | Queue | Villager (Male) |
| 25:00 | Queue | Cavalry Archer |
Build order — Ilum | Suricata Tactica
First 150 of 319 actions detected
| 0:00 | Queue | Villager (Male) |
| 0:00 | Queue | Villager (Male) |
| 0:00 | Queue | Villager (Male) |
| 0:01 | Build | House |
| 0:02 | Build | House |
| 0:15 | Queue | Villager (Male) |
| 1:25 | Queue | Villager (Male) |
| 1:52 | Queue | Villager (Male) |
| 2:14 | Queue | Villager (Male) |
| 2:40 | Queue | Villager (Male) |
| 2:40 | Queue | Villager (Male) |
| 3:09 | Queue | Villager (Male) |
| 3:36 | Queue | Villager (Male) |
| 3:52 | Build | House |
| 3:53 | Build | House |
| 4:04 | Queue | Villager (Male) |
| 4:04 | Queue | Villager (Male) |
| 4:07 | Build | Lumber Camp |
| 4:23 | Queue | Villager (Male) |
| 4:24 | Queue | Villager (Male) |
| 4:34 | Build | Mill |
| 5:02 | Queue | Villager (Male) |
| 5:07 | Queue | Villager (Male) |
| 5:07 | Queue | Villager (Male) |
| 6:07 | Research | Loom |
| 6:41 | Research | Feudal Age |
| 6:41 | Research | Feudal Age |
| 7:34 | Build | Barracks |
| 8:01 | Queue | Villager (Male) |
| 8:51 | Age | Feudal Age |
| 8:53 | Build | Stable |
| 8:54 | Queue | Spearman |
| 8:56 | Research | Double-Bit Axe |
| 9:02 | Research | Horse Collar |
| 9:03 | Research | Horse Collar |
| 9:04 | Queue | Villager (Male) |
| 9:32 | Queue | Villager (Male) |
| 9:34 | Queue | Scout Cavalry |
| 9:54 | Queue | Villager (Male) |
| 9:58 | Build | Farm |
| 10:03 | Build | Farm |
| 10:05 | Build | Farm |
| 10:08 | Build | Farm |
| 10:18 | Queue | Scout Cavalry |
| 10:27 | Queue | Villager (Male) |
| 10:29 | Build | Mining Camp |
| 10:46 | Queue | Scout Cavalry |
| 10:56 | Build | Palisade Wall |
| 10:57 | Build | Palisade Wall |
| 11:01 | Build | Palisade Wall |
| 11:03 | Build | Palisade Wall |
| 11:09 | Build | Palisade Wall |
| 11:14 | Build | Palisade Wall |
| 11:17 | Build | Palisade Wall |
| 11:18 | Build | Palisade Wall |
| 11:19 | Build | Palisade Wall |
| 11:22 | Build | Palisade Wall |
| 11:23 | Build | Palisade Wall |
| 11:27 | Queue | Villager (Male) |
| 11:27 | Queue | Villager (Male) |
| 11:33 | Build | Watch Tower |
| 11:41 | Build | Farm |
| 11:43 | Build | House |
| 11:45 | Build | Palisade Gate |
| 11:47 | Build | House |
| 11:57 | Queue | Villager (Male) |
| 12:21 | Build | Farm |
| 12:39 | Queue | Villager (Male) |
| 12:57 | Build | Archery Range |
| 13:16 | Build | Farm |
| 13:28 | Queue | Villager (Male) |
| 13:40 | Queue | Villager (Male) |
| 13:40 | Queue | Villager (Male) |
| 14:01 | Queue | Villager (Male) |
| 14:01 | Queue | Villager (Male) |
| 14:14 | Queue | Villager (Male) |
| 14:20 | Queue | Archer |
| 14:21 | Queue | Archer |
| 14:21 | Queue | Archer |
| 14:36 | Queue | Villager (Male) |
| 14:36 | Queue | Villager (Male) |
| 14:40 | Build | Mining Camp |
| 15:09 | Queue | Villager (Male) |
| 15:18 | Build | Farm |
| 15:33 | Queue | Villager (Male) |
| 15:41 | Queue | Archer |
| 15:41 | Queue | Archer |
| 15:43 | Queue | Villager (Male) |
| 15:53 | Queue | Archer |
| 16:39 | Build | Palisade Wall |
| 16:41 | Queue | Spearman |
| 16:42 | Queue | Villager (Male) |
| 16:45 | Build | Farm |
| 16:52 | Build | House |
| 16:54 | Build | Farm |
| 17:14 | Queue | Villager (Male) |
| 17:15 | Build | Farm |
| 17:24 | Build | House |
| 17:25 | Build | Palisade Wall |
| 17:26 | Build | Palisade Wall |
| 17:31 | Build | Palisade Wall |
| 17:46 | Queue | Villager (Male) |
| 18:06 | Queue | Villager (Male) |
| 18:09 | Build | Mill |
| 18:10 | Build | Farm |
| 18:14 | Build | Farm |
| 18:16 | Queue | Villager (Male) |
| 18:19 | Build | Palisade Wall |
| 18:23 | Build | House |
| 18:25 | Build | Palisade Wall |
| 18:30 | Build | Palisade Wall |
| 18:42 | Queue | Archer |
| 18:48 | Queue | Archer |
| 18:50 | Queue | Villager (Male) |
| 18:57 | Build | Farm |
| 19:12 | Build | Farm |
| 19:33 | Queue | Villager (Male) |
| 19:35 | Build | Farm |
| 19:44 | Build | Palisade Wall |
| 19:44 | Build | Palisade Wall |
| 19:44 | Build | Palisade Wall |
| 19:45 | Build | Palisade Wall |
| 19:45 | Build | Palisade Wall |
| 19:50 | Queue | Villager (Male) |
| 20:03 | Build | Lumber Camp |
| 20:07 | Queue | Villager (Male) |
| 20:20 | Queue | Archer |
| 20:20 | Queue | Archer |
| 20:30 | Build | Outpost |
| 20:33 | Build | Outpost |
| 20:41 | Queue | Villager (Male) |
| 20:49 | Build | Blacksmith |
| 21:08 | Build | Palisade Wall |
| 21:37 | Build | Farm |
| 21:53 | Queue | Archer |
| 21:54 | Queue | Archer |
| 22:14 | Research | Castle Age |
| 22:14 | Research | Castle Age |
| 22:26 | Build | Archery Range |
| 22:36 | Build | Palisade Gate |
| 22:37 | Build | Palisade Wall |
| 22:42 | Build | Mining Camp |
| 22:48 | Build | Farm |
| 22:48 | Build | Farm |
| 22:48 | Build | Farm |
| 22:55 | Build | Farm |
| 23:03 | Research | Fletching |
| 23:04 | Research | Fletching |
| 23:12 | Queue | Archer |
| 23:12 | Queue | Archer |
Match timeline
| 4:09 | HR FabiaN · first_building Barracks |
| 4:47 | HR FabiaN · wall_segment Palisade Wall x2 |
| 4:58 | HR FabiaN · wall_segment Palisade Wall x6 |
| 5:27 | HR FabiaN · wall_segment Palisade Wall x1 |
| 5:40 | HR FabiaN · wall_segment Palisade Wall x5 |
| 5:42 | HR FabiaN · wall_segment Palisade Wall x5 |
| 6:11 | HR FabiaN · wall_segment Palisade Wall x10 |
| 6:28 | HR FabiaN · wall_segment Palisade Wall x12 |
| 7:14 | HR FabiaN · wall_segment Palisade Wall x1 |
| 7:34 | Ilum | Suricata Tactica · first_building Barracks |
| 8:51 | Ilum | Suricata Tactica · age_up feudal |
| 8:53 | Ilum | Suricata Tactica · first_building Stable |
| 10:27 | HR FabiaN · age_up feudal |
| 10:56 | Ilum | Suricata Tactica · wall_segment Palisade Wall x1 |
| 10:57 | Ilum | Suricata Tactica · wall_segment Palisade Wall x1 |
| 11:01 | Ilum | Suricata Tactica · wall_segment Palisade Wall x1 |
| 11:03 | Ilum | Suricata Tactica · wall_segment Palisade Wall x1 |
| 11:09 | Ilum | Suricata Tactica · wall_segment Palisade Wall x1 |
| 11:14 | Ilum | Suricata Tactica · wall_segment Palisade Wall x1 |
| 11:17 | Ilum | Suricata Tactica · wall_segment Palisade Wall x1 |
| 11:18 | Ilum | Suricata Tactica · wall_segment Palisade Wall x1 |
| 11:19 | Ilum | Suricata Tactica · wall_segment Palisade Wall x1 |
| 11:22 | Ilum | Suricata Tactica · wall_segment Palisade Wall x1 |
| 11:23 | Ilum | Suricata Tactica · wall_segment Palisade Wall x1 |
| 12:57 | Ilum | Suricata Tactica · first_building Archery Range |
| 16:39 | Ilum | Suricata Tactica · wall_segment Palisade Wall x1 |
| 17:25 | Ilum | Suricata Tactica · wall_segment Palisade Wall x1 |
| 17:26 | Ilum | Suricata Tactica · wall_segment Palisade Wall x1 |
| 17:31 | Ilum | Suricata Tactica · wall_segment Palisade Wall x8 |
| 17:55 | HR FabiaN · first_market_buy 100 food |
| 18:10 | HR FabiaN · wall_segment Stone Wall x1 |
| 18:19 | Ilum | Suricata Tactica · wall_segment Palisade Wall x1 |
| 18:25 | Ilum | Suricata Tactica · wall_segment Palisade Wall x14 |
| 18:30 | Ilum | Suricata Tactica · wall_segment Palisade Wall x28 |
| 19:16 | HR FabiaN · first_market_sell 100 wood |
| 19:36 | HR FabiaN · wall_segment Stone Wall x1 |
| 19:38 | HR FabiaN · wall_segment Stone Wall x1 |
| 19:44 | Ilum | Suricata Tactica · wall_segment Palisade Wall x1 |
| 19:44 | Ilum | Suricata Tactica · wall_segment Palisade Wall x1 |
| 19:44 | Ilum | Suricata Tactica · wall_segment Palisade Wall x2 |
| 19:45 | Ilum | Suricata Tactica · wall_segment Palisade Wall x1 |
| 19:45 | Ilum | Suricata Tactica · wall_segment Palisade Wall x1 |
| 19:47 | HR FabiaN · wall_segment Stone Wall x1 |
| 21:00 | HR FabiaN · first_building Archery Range |
| 21:08 | Ilum | Suricata Tactica · wall_segment Palisade Wall x3 |
| 22:37 | Ilum | Suricata Tactica · wall_segment Palisade Wall x1 |
| 23:15 | HR FabiaN · age_up castle |
| 23:36 | HR FabiaN · first_building Stable |
| 24:54 | Ilum | Suricata Tactica · age_up castle |
| 24:55 | Ilum | Suricata Tactica · wall_segment Palisade Wall x1 |
| 24:58 | Ilum | Suricata Tactica · wall_segment Palisade Wall x1 |
| 25:16 | HR FabiaN · first_building Siege Workshop |
| 26:27 | HR FabiaN · wall_segment Palisade Wall x1 |
| 26:38 | Ilum | Suricata Tactica · wall_segment Palisade Wall x1 |
| 26:57 | HR FabiaN · wall_segment Palisade Wall x1 |
| 29:09 | HR FabiaN · wall_segment Palisade Wall x1 |
| 29:23 | Ilum | Suricata Tactica · first_building Siege Workshop |
| 29:53 | Ilum | Suricata Tactica · first_building Castle |
| 32:25 | HR FabiaN · first_building Monastery |
| 36:14 | Ilum | Suricata Tactica · wall_segment Stone Wall x2 |
| 36:19 | Ilum | Suricata Tactica · first_building Monastery |
| 37:48 | Ilum | Suricata Tactica · resign |
[ AI ANALYSIS · 1 CREDIT ]
What really happened in this match?
Wolo.gg analyzes every decision: build order, eco, micro, common mistakes by bracket. Personalized analysis on WhatsApp or Discord in 30 seconds.
Civ guide
Georgians
Perfil
Jugador #211236